PA
GWINNETT COUNTY BLACK CATS @ PHOENIX HOTSPUR U-21
07/30/2032
 
TOP OF THE 1ST
Gwinnett County Black Cats batting - Pitching for Phoenix Hotspur U-21 : RHP Tim Yoder
Pitching: RHP Tim Yoder
Batting: RHB Yi-ping Hor 0-0: Ball
1-0: Ball
2-0: Ball
3-0: Called Strike
3-1: Swinging Strike
3-2: Foul Ball, location: 2F
3-2: Base on Balls
Batting: RHB Elder Sarrano 0-0: Called Strike
0-1: Foul Ball, location: 2F
0-2: Ball
1-2: Strikes out looking
Batting: RHB Rod Shortall 0-0: Ball
1-0: Ball
Throwing error on steal attempt, E2
Yi-ping Hor to third
2-0: Swinging Strike
2-1: Ball
3-1: SINGLE (Line Drive, 6D)
Yi-ping Hor scores
Batting: LHB Jesús Guillén 0-0: Ball
Rod Shortall is caught stealing 2nd base
1-0: Called Strike
1-1: Fly out, F9 (Flyball, 9S)
Top of the 1st over - 1 run, 1 hit, 1 error, 0 left on base; Gwinnett County 1 - Phoenix 0
BOTTOM OF THE 1ST
Phoenix Hotspur U-21 batting - Pitching for Gwinnett County Black Cats : RHP Maxx Bleecher
Pitching: RHP Maxx Bleecher
Batting: LHB Phil Mazzeo 0-0: Ball
1-0: Called Strike
1-1: Fly out, F8 (Flyball, 8RD)
Batting: LHB Dinand Rehling 0-0: Swinging Strike
0-1: SOLO HOME RUN (Flyball, 7D), Distance : 419 ft
Batting: RHB Martín Talia 0-0: Ball
1-0: Called Strike
1-1: Swinging Strike
1-2: Ball
2-2: Strikes out swinging
Batting: RHB Greg Billingsley 0-0: Fly out, F7 (Flyball, 7D)
Bottom of the 1st over - 1 run, 1 hit, 0 errors, 0 left on base; Gwinnett County 1 - Phoenix 1
TOP OF THE 2ND
Gwinnett County Black Cats batting - Pitching for Phoenix Hotspur U-21 : RHP Tim Yoder
Batting: RHB Randall Givens 0-0: Called Strike
0-1: Foul Ball, location: 2F
0-2: Strikes out swinging
Batting: RHB Wallace Bane 0-0: Ball
1-0: Ball
2-0: Called Strike
2-1: Ground out 6-3 (Groundball, 6)
Batting: SHB Jesús López 0-0: Foul Ball, location: 2F
0-1: Fly out, F2 (Popup, 2LF)
Top of the 2nd over - 0 runs, 0 hits, 0 errors, 0 left on base; Gwinnett County 1 - Phoenix 1
BOTTOM OF THE 2ND
Phoenix Hotspur U-21 batting - Pitching for Gwinnett County Black Cats : RHP Maxx Bleecher
Batting: RHB Terry MacDonald 0-0: Ball
1-0: Fly out, F8 (Flyball, 8RS)
Batting: LHB Carlos Rodríguez 0-0: Called Strike
0-1: Ball
1-1: Ball
2-1: Foul Ball, location: 2F
2-2: Foul Ball, location: 2F
2-2: Ball
3-2: Foul Ball, location: 2F
3-2: Base on Balls
Batting: RHB Félix Sosa 0-0: Called Strike
0-1: Ball
1-1: Grounds into double play, 6-4-3 (Groundball, 6)
Bottom of the 2nd over - 0 runs, 0 hits, 0 errors, 0 left on base; Gwinnett County 1 - Phoenix 1
TOP OF THE 3RD
Gwinnett County Black Cats batting - Pitching for Phoenix Hotspur U-21 : RHP Tim Yoder
Batting: RHB Colm Shapland 0-0: Ground out 4-3 (Groundball, 4M)
Batting: RHB António Avery 0-0: Swinging Strike
0-1: Foul Ball, location: 2F
0-2: SINGLE (Flyball, 9LS)
Batting: RHB Yi-ping Hor 0-0: Ball
1-0: Swinging Strike
1-1: Foul Ball, location: 2F
1-2: Foul Ball, location: 2F
1-2: Ball
2-2: Fly out, F9 (Flyball, 89S)
Batting: RHB Elder Sarrano 0-0: Ball
1-0: Swinging Strike
1-1: Foul Ball, location: 2F
1-2: Ball
2-2: Strikes out looking
Top of the 3rd over - 0 runs, 1 hit, 0 errors, 1 left on base; Gwinnett County 1 - Phoenix 1
BOTTOM OF THE 3RD
Phoenix Hotspur U-21 batting - Pitching for Gwinnett County Black Cats : RHP Maxx Bleecher
Batting: LHB Malibok Herreria 0-0: Swinging Strike
0-1: Foul Ball, location: 2F
0-2: Ball
1-2: Fly out, F7 (Flyball, 7LMF)
Batting: RHB Jeff Oglethorpe 0-0: Ball
1-0: Swinging Strike
1-1: Ball
2-1: Foul Ball, location: 2F
2-2: Strikes out swinging
Batting: LHB Phil Mazzeo 0-0: Called Strike
0-1: Foul Ball, location: 2F
0-2: Foul Ball, location: 2F
0-2: Ball
1-2: Foul Ball, location: 2F
1-2: Ball
2-2: Fly out, F6 (Line Drive, 6)
Bottom of the 3rd over - 0 runs, 0 hits, 0 errors, 0 left on base; Gwinnett County 1 - Phoenix 1
TOP OF THE 4TH
Gwinnett County Black Cats batting - Pitching for Phoenix Hotspur U-21 : RHP Tim Yoder
Batting: RHB Rod Shortall 0-0: Ball
1-0: Ball
2-0: Ball
3-0: Base on Balls
Batting: LHB Jesús Guillén 0-0: Ball
1-0: Ball
2-0: Called Strike
2-1: Grounds into double play, 6-4-3 (Groundball, 6D)
Batting: RHB Randall Givens 0-0: Swinging Strike
0-1: Ball
1-1: Fly out, F2 (Popup, 23F)
Top of the 4th over - 0 runs, 0 hits, 0 errors, 0 left on base; Gwinnett County 1 - Phoenix 1
BOTTOM OF THE 4TH
Phoenix Hotspur U-21 batting - Pitching for Gwinnett County Black Cats : RHP Maxx Bleecher
Batting: LHB Dinand Rehling 0-0: Called Strike
0-1: Foul Ball, location: 2F
0-2: DOUBLE (Line Drive, 78D)
Batting: RHB Martín Talia 0-0: Fly out, F7 (Flyball, 7LM)
Batting: RHB Greg Billingsley 0-0: Ball
1-0: Called Strike
1-1: Foul Ball, location: 2F
1-2: SINGLE (Groundball, 6MD)
Dinand Rehling to third
Runner from 3rd tries for Home, SAFE, no throw
Batting: RHB Terry MacDonald 0-0: Ball
1-0: SINGLE (Line Drive, 9S)
Greg Billingsley to second
Batting: LHB Carlos Rodríguez 0-0: Ball
1-0: Ball
2-0: Foul Ball, location: 2F
2-1: Ball
3-1: Called Strike
3-2: Foul Ball, location: 2F
3-2: Foul Ball, location: 2F
3-2: Foul Ball, location: 2F
3-2: Foul Ball, location: 2F
3-2: DOUBLE (Flyball, 8LXD)
Greg Billingsley scores
Terry MacDonald to third
Batting: RHB Félix Sosa 0-0: Called Strike
0-1: Foul Ball, location: 2F
0-2: Ball
1-2: Strikes out looking
Batting: LHB Malibok Herreria 0-0: DOUBLE (Line Drive, 7LM)
Terry MacDonald scores
Carlos Rodríguez scores
Batting: RHB Jeff Oglethorpe 0-0: Ball
1-0: Foul Ball, location: 2F
1-1: Called Strike
1-2: Strikes out swinging
Bottom of the 4th over - 4 runs, 5 hits, 0 errors, 1 left on base; Gwinnett County 1 - Phoenix 5
TOP OF THE 5TH
Gwinnett County Black Cats batting - Pitching for Phoenix Hotspur U-21 : RHP Tim Yoder
Batting: RHB Wallace Bane 0-0: Fly out, F7 (Flyball, 7LS)
Batting: SHB Jesús López 0-0: Called Strike
0-1: Ball
1-1: SINGLE (Line Drive, 89S)
Batting: RHB Colm Shapland 0-0: Grounds into double play, 4-6-3 (Groundball, 34)
Top of the 5th over - 0 runs, 1 hit, 0 errors, 0 left on base; Gwinnett County 1 - Phoenix 5
BOTTOM OF THE 5TH
Phoenix Hotspur U-21 batting - Pitching for Gwinnett County Black Cats : RHP Maxx Bleecher
Batting: LHB Phil Mazzeo 0-0: Fly out, F3 (Line Drive, 4)
Batting: LHB Dinand Rehling 0-0: SOLO HOME RUN (Flyball, 9LD), Distance : 345 ft
Batting: RHB Martín Talia 0-0: Ball
1-0: Ground out 3-1 (Groundball, 34S)
Batting: RHB Greg Billingsley 0-0: Ball
1-0: Called Strike
1-1: Ball
2-1: Ball
3-1: Ground out 3-1 (Groundball, 34)
Bottom of the 5th over - 1 run, 1 hit, 0 errors, 0 left on base; Gwinnett County 1 - Phoenix 6
TOP OF THE 6TH
Gwinnett County Black Cats batting - Pitching for Phoenix Hotspur U-21 : RHP Tim Yoder
Batting: RHB António Avery 0-0: SINGLE (Flyball, 9S)
Batting: RHB Yi-ping Hor 0-0: Ball
1-0: SINGLE (Groundball, 6MD)
António Avery to second
Batting: RHB Elder Sarrano 0-0: Foul Ball, location: 2F
0-1: Swinging Strike
0-2: Ball
1-2: Ball
2-2: Foul Ball, location: 2F
2-2: Ball
3-2: Fly out, F7 (Flyball, 7S)
Batting: RHB Rod Shortall 0-0: Ball
1-0: Ball
2-0: Called Strike
2-1: Foul Ball, location: 2F
2-2: Ball
3-2: Ground out 5-3 (Groundball, 56S)
António Avery to third
Yi-ping Hor to second
Batting: LHB Jesús Guillén 0-0: Fly out, F7 (Line Drive, 7)
Top of the 6th over - 0 runs, 2 hits, 0 errors, 2 left on base; Gwinnett County 1 - Phoenix 6
BOTTOM OF THE 6TH
Phoenix Hotspur U-21 batting - Pitching for Gwinnett County Black Cats : RHP Maxx Bleecher
Pitching: RHP Xue-liang Li
Batting: RHB Terry MacDonald 0-0: Ball
1-0: Ball
2-0: Ground out 5-3 (Groundball, 5)
Batting: LHB Carlos Rodríguez 0-0: Fly out, F5 (Popup, 15)
Batting: RHB Félix Sosa 0-0: Foul Ball, location: 2F
0-1: Swinging Strike
0-2: Ball
1-2: Ground out 5-3 (Groundball, 5L)
Bottom of the 6th over - 0 runs, 0 hits, 0 errors, 0 left on base; Gwinnett County 1 - Phoenix 6
TOP OF THE 7TH
Gwinnett County Black Cats batting - Pitching for Phoenix Hotspur U-21 : RHP Tim Yoder
Batting: RHB Randall Givens 0-0: Ball
1-0: Ball
2-0: Ball
3-0: Called Strike
3-1: Fly out, F4 (Popup, 4)
Batting: RHB Wallace Bane 0-0: Called Strike
0-1: Swinging Strike
0-2: Foul Ball, location: 2F
0-2: Ball
1-2: Ball
2-2: Foul Ball, location: 2F
2-2: Foul Ball, location: 2F
2-2: Foul Ball, location: 2F
2-2: Strikes out swinging
Batting: SHB Jesús López 0-0: Called Strike
0-1: Foul Ball, location: 2F
0-2: Strikes out swinging, 2-3 out at first.
Top of the 7th over - 0 runs, 0 hits, 0 errors, 0 left on base; Gwinnett County 1 - Phoenix 6
BOTTOM OF THE 7TH
Phoenix Hotspur U-21 batting - Pitching for Gwinnett County Black Cats : RHP Xue-liang Li
Batting: LHB Malibok Herreria 0-0: Called Strike
0-1: Ball
1-1: Ball
2-1: Ball
3-1: SINGLE (Groundball, 4MD)
Batting: RHB Jeff Oglethorpe 0-0: Called Strike
0-1: Ball
1-1: Foul Ball, location: 2F
1-2: Ball
2-2: Foul Ball, location: 2F
2-2: Ball
3-2: Strikes out looking
Batting: LHB Phil Mazzeo 0-0: Called Strike
0-1: Foul Ball, location: 2F
0-2: SINGLE (Groundball, 4MD)
Malibok Herreria to second
Batting: LHB Dinand Rehling 0-0: Ball
1-0: Ball
Malibok Herreria steals 3rd base
Phil Mazzeo to second
2-0: Ball
3-0: Base on Balls
Batting: RHB Martín Talia 0-0: Ball
1-0: Ball
2-0: Ball
3-0: Base on Balls
Malibok Herreria scores
Phil Mazzeo to third
Dinand Rehling to second
Batting: RHB Greg Billingsley 0-0: Foul Ball, location: 2F
0-1: Foul Ball, location: 2F
0-2: Foul Ball, location: 2F
0-2: Fly out, F1 (Line Drive, 13)
Batting: RHB Terry MacDonald 0-0: Called Strike
0-1: Fielders Choice at 2nd, 6-4 (Groundball, 56)
Bottom of the 7th over - 1 run, 2 hits, 0 errors, 3 left on base; Gwinnett County 1 - Phoenix 7
TOP OF THE 8TH
Gwinnett County Black Cats batting - Pitching for Phoenix Hotspur U-21 : RHP Tim Yoder
Batting: RHB Colm Shapland 0-0: Called Strike
0-1: Foul Ball, location: 2F
0-2: Strikes out swinging
Batting: RHB António Avery 0-0: Ground out 5-3 (Groundball, 5)
Batting: RHB Yi-ping Hor 0-0: Ground out 4-3 (Groundball, 4)
Top of the 8th over - 0 runs, 0 hits, 0 errors, 0 left on base; Gwinnett County 1 - Phoenix 7
BOTTOM OF THE 8TH
Phoenix Hotspur U-21 batting - Pitching for Gwinnett County Black Cats : RHP Xue-liang Li
Batting: LHB Carlos Rodríguez 0-0: Ball
1-0: Foul Ball, location: 2F
1-1: Foul Ball, location: 2F
1-2: Foul Ball, location: 2F
1-2: Strikes out looking
Batting: RHB Félix Sosa 0-0: Ball
1-0: Called Strike
1-1: Foul Ball, location: 2F
1-2: Strikes out swinging
Batting: LHB Malibok Herreria 0-0: Called Strike
0-1: Ball
1-1: Swinging Strike
1-2: Foul Ball, location: 2F
1-2: Fly out, F9 (Flyball, 9)
Bottom of the 8th over - 0 runs, 0 hits, 0 errors, 0 left on base; Gwinnett County 1 - Phoenix 7
TOP OF THE 9TH
Gwinnett County Black Cats batting - Pitching for Phoenix Hotspur U-21 : RHP Tim Yoder
Batting: RHB Elder Sarrano 0-0: Ball
1-0: Ball
2-0: Ball
3-0: Base on Balls
Pitching: RHP Juan Escobar
Batting: RHB Rod Shortall 0-0: Foul Ball, location: 2F
0-1: Fly out, F3 (Popup, 3F)
Batting: LHB Jesús Guillén 0-0: Fielders Choice at 2nd, 4-6 (Groundball, 4)
Batting: RHB Randall Givens 0-0: Ball
1-0: Foul Ball, location: 2F
1-1: Ball
2-1: Ground out 5-3 (Groundball, 5L)
Top of the 9th over - 0 runs, 0 hits, 0 errors, 1 left on base; Gwinnett County 1 - Phoenix 7
Wednesday, September 19th, 2018 - OOTP Baseball 18.8 Build 76